 Dungeon Crawl Stone Soup version 0.26.1-2-gb8aa6d0cf2 (webtiles) character file.

Game seed: 16119107116408329465

12194 Hehehe the Cleaver (level 11, -2/104 HPs)
             Began as a Deep Dwarf Fighter on Feb 12, 2021.
             Was a High Priest of Makhleb.
             Slain by a 12-headed hydra (8 damage)
             ... on level 12 of the Dungeon.
             The game lasted 00:15:16 (9229 turns).

Hehehe the Cleaver (Deep Dwarf Fighter)             Turns: 9229, Time: 00:15:17

Health: -2/104     AC: 21    Str: 19    XL:     11   Next: 59%
Magic:  4/4        EV:  2    Int: 13    God:    Makhleb [*****.]
Gold:   833        SH: 17    Dex: 12    Spells: 10/10 levels left

rFire    + . .     SeeInvis +   K - +3 flail (protect)
rCold    . . .     Faith    .   s - +0 tower shield
rNeg     . . .     Spirit   .   c - +0 plate armour
rPois    .         Reflect  .   G - +2 helmet
rElec    .         Harm     .   (no cloak)
rCorr    .         Rampage  .   (no gloves)
Will     +....                  (no boots)
Stlth    ..........             (no amulet)
HPRegen  0.00/turn              D - ring of protection from fire
MPRegen  0.09/turn              y - ring of see invisible

@: marked, protection aura, non-regenerating
A: damage resistance, heal wounds, sense surroundings 2, no regeneration
a: Heal Wounds, Renounce Religion, Minor Destruction, Lesser Servant of Makhleb,
Major Destruction, Greater Servant of Makhleb


You were on level 12 of the Dungeon.
You worshipped Makhleb.
Makhleb was extremely pleased with you.
You visited 2 branches of the dungeon, and saw 13 of its levels.
You also visited: Ossuary.

You collected 833 gold pieces.

Inventory:

Hand Weapons
 a - a +0 war axe
 K - a +3 flail of protection (weapon)
Armour
 c - a +0 plate armour (worn)
 q - the +0 scale mail of Vanity {rF+}
   (You found it on level 8 of the Dungeon)

   It protects you from fire.
 s - a +0 tower shield (worn)
 G - a +2 helmet (worn)
Jewellery
 b - an uncursed ring of poison resistance
 n - an uncursed ring of positive energy
 y - a ring of see invisible (right hand)
 D - a ring of protection from fire (left hand)
 E - an uncursed ring of protection from cold
Wands
 v - a wand of iceblast (4)
 H - a wand of acid (6)
 L - a wand of polymorph (10)
Scrolls
 e - a scroll of magic mapping {unknown}
 f - 18 scrolls of remove curse
 i - 4 scrolls of enchant weapon {unknown}
 j - a scroll of silence
 k - a scroll of blinking {unknown}
 p - 6 scrolls of teleportation {unknown}
 t - 3 scrolls of immolation {unknown}
 u - 2 scrolls of fear {unknown}
 w - 3 scrolls of enchant armour {unknown}
 C - 3 scrolls of amnesia
 F - 2 scrolls of fog
 M - a scroll of brand weapon {unknown}
Potions
 d - 7 potions of might
 g - 5 potions of haste
 h - 2 potions of cancellation
 l - 4 potions of brilliance
 m - a potion of ambrosia
 o - 3 potions of lignification
 r - 7 potions of heal wounds
 z - 4 potions of curing
 A - 5 potions of flight
 B - a potion of magic
 I - a potion of invisibility
 J - a potion of berserk rage {unknown}
Miscellaneous
 x - a lightning rod (4/4)


   Skills:
 + Level 8.8 Fighting
 + Level 14.4 Axes
 - Level 3.2 Armour
 + Level 10.3 Shields


You had 10 spell levels left.
You didn't know any spells.
Your spell library contained the following spells:

 Spells                   Type           Power        Failure   Level
 Corona                   Hex            0%           100%        1
 Shock                    Conj/Air       0%           100%        1
 Ensorcelled Hibernation  Hex/Ice        0%           100%        2
 Swiftness                Air            0%           100%        2
 Confusing Touch          Hex            0%           100%        3
 Dazzling Flash           Conj/Hex       0%           100%        3
 Static Discharge         Conj/Air       0%           100%        3
 Tukima's Dance           Hex            0%           100%        3
 Airstrike                Air            0%           100%        4
 Lightning Bolt           Conj/Air       0%           100%        5


Dungeon Overview and Level Annotations

Branches:
Dungeon (12/15)            Temple (1/1) D:4            Lair (0/6) D:10
    Orc (0/2) D:10        Ossuary (visited)

Altars:
Ashenzari
Cheibriados
Dithmenos
Elyvilon
Fedhas
Gozag
Hepliaklqana
Kikubaaqudgha
Makhleb
Nemelex Xobeh
Okawaru
Qazlal
Ru
Sif Muna
Trog
Uskayaw
Vehumet
Wu Jian
Xom
Yredelemnul
Zin
The Shining One
Beogh

Portals:
Ice
Cave: D:12

Annotations:
D:4 4 transporters, AgateBread's ghost, amateur DsAK


Innate Abilities, Weirdness & Mutations

You are resistant to damage.
You can heal yourself by infusing magical energy.
You passively map the area around you.
You do not regenerate.


Message History

The 12-headed hydra bites you!
* * * LOW HITPOINT WARNING * * *
You block the 12-headed hydra's attack.
The 12-headed hydra bites you but does no damage.
The 12-headed hydra bites you.
The 12-headed hydra bites you but does no damage. x3
The 12-headed hydra bites you.
The 12-headed hydra bites you but does no damage.
You sock the 12-headed hydra!
The 12-headed hydra is severely wounded.
You block the 12-headed hydra's attack.
The 12-headed hydra bites you but does no damage.
You block the 12-headed hydra's attack.
The 12-headed hydra bites you but does no damage. x2
You block the 12-headed hydra's attack. x2
The 12-headed hydra bites you but does no damage.
The 12-headed hydra bites you.
* * * LOW HITPOINT WARNING * * *
The 12-headed hydra bites you!
You die...

* * *,, , * *
, ,, * * , , ,
* #
##############
.>*
..[..........#
* * , ... ,,8
, ,,
.###########.#
Z... .# #}# ,,
5o... .#
#.#####5on...
.#
#....@D55l...
, , .#
########5W##.
, .# ,# *, .#
*, *,* * .###
* , ...# * ,
##.# * * * *
#.# * * , #.#
*


You could see a 12-headed hydra, a necrophage, a shadow (invisible), an iguana,
an orc wizard (fast), 5 white imps, an orc and a centaur zombie.

Vanquished Creatures
  2 two-headed ogres
  An unseen horror (D:10)
  A troll (D:7)
  10 yaks
  A wyvern (D:11)
  Grum (D:11)
  3 water moccasins
  A swamp drake (D:10)
  2 black bears
  3 ice beasts
  6 orc warriors
  A hornet zombie (D:9)
  A sky beast (D:11)
  2 phantoms
  12 ogres
  4 wolves (D:11)
  6 centaurs
  A big kobold (D:10)
  10 bullfrogs
  15 scorpions
  20 killer bees
  A howler monkey (D:5)
  9 wights
  3 bullfrog zombies
  3 human zombies (Ossuary)
  4 hounds
  7 orc priests
  5 centaur zombies
  3 jellies
  A bullfrog skeleton (D:6)
  13 orc wizards
  2 iguanas
  11 worker ants
  2 big kobold zombies (Ossuary)
  A hound zombie (D:6)
  3 mummies (Ossuary)
  A howler monkey skeleton (D:4)
  A howler monkey zombie (D:8)
  6 scorpion zombies (Ossuary)
  10 adders
  4 white imps
  6 ufetubi
  3 oozes
  2 adder skeletons
  A worm (D:3)
  A dart slug (D:1)
  4 leopard geckos
  22 orcs
  5 giant cockroaches
  A gnoll zombie (Ossuary)
  10 goblins
  8 hobgoblins
  12 jackals
  12 kobolds
  7 quokkas
  2 ball pythons
  4 bats (D:3)
  A frilled lizard (D:4)
  3 hobgoblin zombies (Ossuary)
  A leopard gecko skeleton (D:8)
  An orc zombie (Ossuary)
  2 quokka skeletons
  7 rats
308 creatures vanquished.

Vanquished Creatures (others)
  An orc (D:10)
  3 fungi (D:10)
  2 plants (D:10)
6 creatures vanquished.

Grand Total: 314 creatures vanquished

Notes
Turn   | Place    | Note
-------+----------+-------------------------------------------
     0 | D:1      | Hehehe the Deep Dwarf Fighter began the quest for the Orb.
     0 | D:1      | Reached XP level 1. HP: 20/20 MP: 1/1
    96 | D:1      | Reached skill level 3 in Axes
    96 | D:1      | Reached XP level 2. HP: 27/27 MP: 2/2
   799 | D:2      | Reached XP level 3. HP: 24/33 MP: 3/3
   800 | D:2      | Reached skill level 4 in Axes
  1044 | D:2      | Reached XP level 4. HP: 22/40 MP: 4/4
  1229 | D:3      | Reached skill level 5 in Axes
  1805 | D:4      | Found a staircase to the Ecumenical Temple.
  1815 | D:4      | Reached XP level 5. HP: 34/46 MP: 4/4
  1893 | D:4      | Found a glowing golden altar of the Shining One.
  2005 | D:4      | Reached skill level 6 in Axes
  2019 | D:4      | Found a transporter.
  2031 | D:4      | Found a transporter.
  2034 | D:4      | Found a transporter.
  2034 | D:4      | Noticed AgateBread's ghost (amateur DsAK)
  2072 | Temple   | Entered the Ecumenical Temple
  2386 | Temple   | Became a worshipper of Makhleb the Destroyer
  2644 | D:4      | Found a transporter.
  3049 | D:5      | Entered Level 5 of the Dungeon
  3154 | D:5      | Reached skill level 7 in Axes
  3154 | D:5      | Reached XP level 6. HP: 32/55 MP: 5/5
  3178 | D:5      | Reached skill level 8 in Axes
  3198 | D:5      | Reached XP level 7. HP: 46/61 MP: 5/5
  3821 | D:6      | Reached skill level 9 in Axes
  3855 | D:6      | Reached * piety under Makhleb
  3927 | D:6      | Reached skill level 10 in Axes
  3936 | D:6      | Reached XP level 8. HP: 58/68 MP: 6/6
  3985 | D:6      | Found a sand-covered staircase.
  3992 | D:6      | Found a hide-covered altar of Uskayaw.
  4005 | Ossuary  | Entered an ossuary
  4077 | Ossuary  | Reached skill level 11 in Axes
  4257 | Ossuary  | Reached ** piety under Makhleb
  4418 | D:6      | Gained mutation: You passively map the area around you.
                  | [Deep Dwarf growth]
  4418 | D:6      | Reached XP level 9. HP: 75/78 MP: 7/7
  4696 | D:6      | Reached skill level 12 in Axes
  4696 | D:6      | Reached skill level 5 in Shields
  4998 | D:7      | Noticed a troll
  5023 | D:7      | Killed a troll
  5062 | D:7      | Reached skill level 5 in Fighting
  5146 | D:7      | Reached *** piety under Makhleb
  5162 | D:7      | Found a roughly hewn altar of Beogh.
  5713 | D:8      | Got a smoking scale mail
  5724 | D:8      | Identified the cursed +0 scale mail of Vanity {rF+} (You
                  | found it on level 8 of the Dungeon)
  5983 | D:8      | Reached XP level 10. HP: 87/91 MP: 7/7
  6819 | D:9      | Reached skill level 13 in Axes
  6824 | D:9      | Reached **** piety under Makhleb
  7312 | D:10     | Entered Level 10 of the Dungeon
  7363 | D:10     | Found a staircase to the Orcish Mines.
  7373 | D:10     | Identified the +5 dagger "Egoghano" {holy, rPois rC+}
  7732 | D:10     | Noticed an unseen horror
  7741 | D:10     | Killed an unseen horror
  7947 | D:10     | Noticed a two-headed ogre
  7961 | D:10     | Killed a two-headed ogre
  7962 | D:10     | Reached XP level 11. HP: 56/103 MP: 7/7
  8128 | D:10     | Found a staircase to the Lair.
  8441 | D:11     | Noticed Grum
  8444 | D:11     | Noticed a two-headed ogre
  8463 | D:11     | Reached ***** piety under Makhleb
  8464 | D:11     | Reached skill level 14 in Axes
  8467 | D:11     | Killed a two-headed ogre
  8479 | D:11     | Killed Grum
  8701 | D:11     | Reached skill level 10 in Shields
  9210 | D:12     | Found a frozen archway.
  9216 | D:12     | Noticed an eight-headed hydra
  9229 | D:12     | Slain by a 12-headed hydra

Illustrated notes

Levels and vault maps discovered:
D:1:      dpeg_arrival_boxes_within_box, layout_basic
D:2:      layout_rooms
D:3:      layout_rooms
D:4:      gammafunk_steamed_eel, layout_layer_cave,
          minmay_temple_entry_crystal_x, gammafunk_ghost_arena, tso_metal_star
D:5:      layout_basic, hangedman_abyss_or_decor_passed
D:6:      layout_basic, eat_drink_and_be_merry_uskayaw, enter_ossuary_2
D:7:      layout_basic, david_defended_altar_orc
D:8:      minmay_bubble_buster, layout_gridville
D:9:      layout_loops_cross, kennysheep_small_spiral
D:10:     layout_big_octagon, grunt_lair_entry_orc_guard_hut, erik_orc_1
D:11:     layout_long_grid, uniq_grum
D:12:     layout_loops_ring, portal_ice_cave_entry_imps, basic_altar,
          chequers_serial_rivers_micro_c, fountainhead, grunt_ministairs_2
Temple:   nicolae_temple_the_god_donut

Skill      XL: |  1  2  3  4  5  6  7  8  9 10 11 |
---------------+----------------------------------+-----
Axes           | 3 4 5 7 8 10 11 12 13 14 | 14.4
Fighting       | 3 5 7 8 |  8.8
Shields        | 4 7 9 10 | 10.3
Armour         | |  3.2

Action                   |  1- 3 |  4- 6 |  7- 9 | 10-12 || total
-------------------------+-------+-------+-------+-------++-------
Melee: War axe           |    82 |   158 |   471 |   543 ||  1254
       Flail             |       |       |       |     5 ||     5
 Abil: Heal Wounds       |       |     6 |     9 |    18 ||    33
  Use: Scroll            |       |       |    18 |     2 ||    20
       Potion            |       |       |     1 |     1 ||     2
 Stab: Confused          |       |       |       |     1 ||     1
Armor: Scale mail        |    38 |    68 |   154 |    17 ||   277
       Plate armour      |       |       |       |   325 ||   325
Dodge: Dodged            |    28 |    35 |    68 |    64 ||   195
Block: Kite shield       |    54 |    25 |       |       ||    79
       Tower shield      |       |    81 |   341 |   605 ||  1027
